 Dungeon Crawl Stone Soup version 0.26.0-10-g1f06aea511 (webtiles) character file.

Game seed: 4907895746097557115

172817 Arum the Warrior (level 17, -3/116 HPs)
             Began as a Gargoyle Fighter on Jan 17, 2021.
             Was the Champion of the Shining One.
             Slain by a wolf spider (26 damage)
             ... on level 1 of the Spider Nest.
             The game lasted 00:46:00 (24671 turns).

Arum the Warrior (Gargoyle Fighter)                Turns: 24671, Time: 00:46:01

Health: -3/116     AC: 40    Str: 32    XL:     17   Next: 75%
Magic:  23/23      EV:  4    Int: 12    God:    the Shining One [******]
Gold:   2942       SH:  0    Dex: 14    Spells: 16/16 levels left

rFire    . . .     SeeInvis .   g - +8 eveningstar of Unuurinu {freeze, Dex+5}
rCold    . . .     Faith    .   n - +2 tower shield {AC+3}
rNeg     + + +     Spirit   .   p - +0 chain mail of a treasure trove {Will+ Int+2 Stlth+}
rPois    ∞         Reflect  .   M - +2 hat {Will+}
rElec    +         Harm     .   X - +2 cloak {Stlth+}
rCorr    .         Rampage  .   a - +0 pair of gloves
Will     ++++.                  O - +1 pair of boots
Stlth    ..........             v - amulet of regeneration
HPRegen  0.69/turn              H - +6 ring of strength
MPRegen  0.18/turn              J - ring of willpower

@: confused, flying, held, glowing
A: big wings, negative energy resistance 1, electricity resistance, unbreathing,
petrification resistance, miasma immunity, AC +12
}: 1/15 runes: decaying
a: Stop Flying, Renounce Religion, Divine Shield, Cleansing Flame, Summon Divine
Warrior, Brand Weapon With Holy Wrath


You were on level 1 of the Spider Nest.
You worshipped the Shining One.
The Shining One was exalted by your worship.
You visited 5 branches of the dungeon, and saw 28 of its levels.
You also visited: Ossuary and Gauntlet.

You collected 2991 gold pieces.
You spent 49 gold pieces at shops.

Inventory:

Hand Weapons
 g - the +8 eveningstar of Unuurinu (weapon) {freeze, Dex+5}
   (You acquired it on level 2 of the Lair of Beasts)

   It has been specially enchanted to freeze those struck by it, causing extra
   injury to most foes and up to half again as much damage against particularly
   susceptible opponents.
   It can also slow down cold-blooded creatures.
   It affects your dexterity (+5).
 B - the +9 whip of Koumn {freeze, +Rage rF+++ Str-2 Dex-3}
   (You found it on level 5 of the Dungeon)

   It has been specially enchanted to freeze those struck by it, causing extra
   injury to most foes and up to half again as much damage against particularly
   susceptible opponents.
   It can also slow down cold-blooded creatures.
   It affects your strength (-2).
   It affects your dexterity (-3).
   It renders you almost immune to fire.
   It lets you go berserk.
 N - the cursed +0 flail of Abomination {antimagic, *Slow Int+5}
   (You found it on level 9 of the Dungeon)

   It reduces the magical energy of the wielder, and disrupts the spells and
   magical abilities of those hit.
   Natural abilities and divine invocations are not affected.
   It affects your intelligence (+5).
   It may slow you when you take damage.
   It has a curse placed upon it.
 Q - the +7 Singing Sword {vorpal, sonic wave}
   (You found it on level 10 of the Dungeon)

   It inflicts extra damage upon your enemies.
 R - a +1 scimitar of flaming
 V - a +6 great sword of holy wrath
Missiles
 b - 35 javelins
 F - 2 throwing nets (quivered)
Armour
 a - a +0 pair of gloves (worn)
 n - a +2 tower shield of protection (worn)
 p - the +0 chain mail of a treasure trove (worn) {Will+ Int+2 Stlth+}
   (You found it on level 6 of the Lair of Beasts)

   It affects your intelligence (+2).
   It affects your willpower, your defense against some magical effects.
   It makes you more stealthy.
 M - a +2 hat of willpower (worn)
 O - a +1 pair of boots (worn)
 X - a +2 cloak of stealth (worn)
Jewellery
 t - a +6 ring of strength
 v - an amulet of regeneration (around neck)
 C - the cursed ring "Ysterch" {+Fly rC+ Int-4 Dex+2}
   (You found it on level 6 of the Dungeon)

   [ring of intelligence]

   It affects your intelligence (-4).
   It affects your dexterity (+2).
   It protects you from cold.
   It lets you fly.
   It has a curse placed upon it.
 H - a +6 ring of strength (left hand)
 J - a ring of willpower (right hand)
 K - an uncursed ring of protection from fire
 L - an uncursed ring of resist corrosion
 P - the ring of Poemiwops {Fire Will++ MP+9 Int-4}
   (You found it on level 14 of the Dungeon)

   [ring of fire]

   It enhances your fire magic.
   It affects your intelligence (-4).
   It protects you from fire.
   It makes you vulnerable to cold.
   It affects your willpower, your defense against some magical effects.
   It affects your magic capacity (+9).
Wands
 m - a wand of paralysis (10)
 y - a wand of acid (39)
 Y - a wand of iceblast (28)
Scrolls
 c - 7 scrolls of identify
 h - 13 scrolls of remove curse
 j - 6 scrolls of amnesia
 q - 6 scrolls of enchant armour
 D - 6 scrolls of immolation
 E - 3 scrolls of enchant weapon
 G - 4 scrolls of blinking
 I - 6 scrolls of magic mapping
 S - 6 scrolls of teleportation
 T - a scroll of holy word
 U - a scroll of fear
 W - 3 scrolls of fog
Potions
 d - 5 potions of might
 e - 20 potions of curing
 i - 9 potions of heal wounds
 k - 5 potions of magic
 l - 2 potions of ambrosia
 o - 5 potions of attraction
 s - 8 potions of haste
 u - 9 potions of lignification
 w - 4 potions of resistance
 x - 3 potions of cancellation
 z - 4 potions of brilliance
 A - 7 potions of mutation
Miscellaneous
 r - a lightning rod (4/4)
 Z - a box of beasts


   Skills:
 + Level 16.9 Fighting
 + Level 15.5 Maces & Flails
 + Level 16.8 Armour
 - Level 15.0 Shields
 + Level 8.6 Invocations


You had 16 spell levels left.
You didn't know any spells.
Your spell library contained the following spells:

 Spells                   Type           Power        Failure   Level
 Animate Skeleton         Necr           0%           98%         1
 Apportation              Tloc           0%           98%         1
 Beastly Appendage        Tmut           0%           98%         1
 Corona                   Hex            0%           98%         1
 Magic Dart               Conj           0%           98%         1
 Sandblast                Erth           0%           98%         1
 Sting                    Tmut/Pois      0%           98%         1
 Summon Small Mammal      Summ           0%           98%         1
 Call Imp                 Summ           0%           99%         2
 Ensorcelled Hibernation  Hex/Ice        0%           99%         2
 Passwall                 Tmut/Erth      0%           99%         2
 Poisonous Vapours        Pois/Air       0%           99%         2
 Searing Ray              Conj           0%           99%         2
 Slow                     Hex            0%           99%         2
 Wereblood                Tmut           0%           99%         2
 Call Canine Familiar     Summ           0%           100%        3
 Confusing Touch          Hex            0%           100%        3
 Conjure Flame            Conj/Fire      0%           100%        3
 Dazzling Flash           Conj/Hex       0%           100%        3
 Ignite Poison            Fire/Tmut/Pois 0%           100%        3
 Inner Flame              Hex/Fire       0%           100%        3
 Lesser Beckoning         Tloc           0%           100%        3
 Mephitic Cloud           Conj/Pois/Air  0%           100%        3
 Portal Projectile        Hex/Tloc       0%           100%        3
 Spider Form              Tmut/Pois      0%           100%        3
 Stone Arrow              Conj/Erth      0%           100%        3
 Summon Guardian Golem    Hex/Summ       0%           100%        3
 Tukima's Dance           Hex            0%           100%        3
 Vampiric Draining        Necr           0%           100%        3
 Cause Fear               Hex            0%           100%        4
 Dispel Undead            Necr           0%           100%        4
 Fulminant Prism          Conj/Hex       0%           100%        4
 Ice Form                 Ice/Tmut       0%           100%        4
 Iskenderun's Mystic Bla  Conj/Tloc      0%           100%        4
 Leda's Liquefaction      Hex/Erth       0%           100%        4
 Olgreb's Toxic Radiance  Pois           0%           100%        4
 Petrify                  Tmut/Erth      0%           100%        4
 Summon Ice Beast         Ice/Summ       0%           100%        4
 Summon Lightning Spire   Summ/Air       0%           100%        4
 Alistair's Intoxication  Tmut/Pois      0%           100%        5
 Blade Hands              Tmut           0%           100%        5
 Irradiate                Conj/Tmut      0%           100%        5
 Lee's Rapid Deconstruct  Erth           0%           100%        5
 Eringya's Noxious Bog    Tmut/Pois      0%           100%        6
 Freezing Cloud           Conj/Ice/Air   0%           100%        6
 Hydra Form               Tmut           0%           100%        6
 Invisibility             Hex            0%           100%        6
 Simulacrum               Ice/Necr       0%           100%        6
 Dragon Form              Tmut           0%           100%        7
 Sublimation of Blood     Necr           Unusable     N/A         2
 Statue Form              Tmut/Erth      Unusable     N/A         6

Dungeon Overview and Level Annotations

Branches:
Dungeon (15/15)            Temple (0/1) D:7            Lair (6/6) D:11
  Swamp (4/4) Lair:2       Spider (1/4) Lair:3        Slime (0/5) Lair:6
    Orc (2/2) D:10            Elf (0/3) Orc:2        Vaults (0/5) D:13
 Depths (0/5) D:15        Ossuary (visited)         Gauntlet (visited)

Altars:
Cheibriados
Fedhas
Hepliaklqana
Makhleb
Nemelex Xobeh
Trog
Uskayaw
Vehumet
The Shining One
Beogh
Jiyva

Shops:
D:13 :   D:15 }   Orc:2 *=[


Innate Abilities, Weirdness & Mutations

You are resistant to torment.
Your stone body is resilient. (AC +12)
You are immune to poison.
Your large and strong wings let you fly indefinitely.
You resist negative energy. (rN+)
You are resistant to electric shocks. (rElec)
You can survive without breathing.
You are immune to petrification.
You are immune to miasma.


Message History

The wolf spider hits you but does no damage.
The wolf spider barely misses you. The tarantella bites you.
* * * LOW HITPOINT WARNING * * *
The jumping spider pounces on you!
* * * LOW HITPOINT WARNING * * *
The jumping spider bites you but does no damage.
The jumping spider leaps!
The wolf spider hits you but does no damage.
The wolf spider bites you!
* * * LOW HITPOINT WARNING * * *
The tarantella bites you but does no damage.
The jumping spider pounces on you but does no damage.
The jumping spider bites you.
* * * LOW HITPOINT WARNING * * *
Unknown command.
Unknown command.
Unknown command.
Unknown command.
You feel much better. The wolf spider hits you!!
You die...

##.....##
#.†.....#
#.†?....#
#......###
##....(..#
#...†...#
.....###....##
......#...°####
#.....#...@#..#
......##.sss..#
.......#......#
#......#†..(..#
#......#......#
#........###
##......>#
#^.†.####
......††#


You could see a wolf spider (berserk), a jumping spider (berserk) and a
tarantella (berserk).

Vanquished Creatures
  the Lernaean hydra (Swamp:4)
  Gastronok (Lair:1)
  Kirke (D:12)
  A fenstrider witch (Swamp:4)
  Donald (Orc:2)
  2 orc warlords (Orc:1)
  A stone giant (Orc:1)
  Nessos (D:12)
  A minotaur (Gauntlet)
  Snorg (D:13)
  An ettin (D:15)
  10 eleionomae
  A shambling mangrove (Swamp:3)
  A rakshasa (D:14)
  Erolcha (D:11)
  An ogre mage (D:15)
  15 hydras
  A vault guard (D:13)
  3 ghost crabs
  Erica (D:11)
  6 centaur warriors
  A merfolk avatar (Lair:6)
  2 tengu warriors
  4 two-headed ogres
  5 alligators
  2 orc high priests
  Urug (Lair:2)
  Sonja (D:12)
  A deep elf knight (D:14)
  A wretched star (Gauntlet)
  A skeletal warrior (D:14)
  Nergalle (Orc:2)
  A fire crab (D:14)
  2 sea snakes (Lair:6)
  3 goliath frogs
  4 spriggan druids
  4 unseen horrors
  A glowing orange brain (Gauntlet)
  3 bog bodies
  A deep troll (D:15)
  11 swamp dragons
  A deep elf archer (Orc:1)
  A wizard (D:15)
  8 orc knights
  Pikel (D:5)
  A harpy (Lair:6)
  An orb spider (Lair:3)
  9 wolf spiders
  3 orc sorcerers
  21 ugly things
  3 deep elf magi
  4 will-o-the-wisps
  2 oklob plants
  4 cyclopes
  A manticore (D:13)
  9 elephants
  2 moths of wrath
  Maurice (D:13)
  A gargoyle (D:14)
  A black mamba (Lair:5)
  A rust devil (Gauntlet)
  5 torpor snails (Lair:6)
  5 centaur skeletons
  A kobold demonologist (D:8)
  12 komodo dragons
  17 cane toads
  An efreet (D:14)
  7 rime drakes
  2 minotaur zombies (Gauntlet)
  4 meliai (D:14)
  3 polar bears
  4 jumping spiders (Spider:1)
  A tengu conjurer (D:15)
  8 trolls
  Grinder (D:4)
  13 hornets
  7 tyrant leeches
  9 blink frogs
  8 slime creatures
  A raiju (Gauntlet)
  A centaur simulacrum (D:14)
  2 wraiths (D:10)
  2 vampires
  5 tarantellas (Spider:1)
  A ynoxinul (Gauntlet)
  2 redbacks (Spider:1)
  38 yaks
  7 wyverns
  A basilisk (D:11)
  A hog (D:12)
  8 spriggans
  6 vampire mosquitoes
  4 steam dragons
  Menkaure (D:4)
  5 wargs
  A naga (shapeshifter) (D:14)
  A water moccasin (shapeshifter) (D:14)
  15 swamp worms
  13 water moccasins
  5 sky beasts
  3 phantoms
  7 swamp drakes
  5 ice beasts
  A black bear (D:9)
  34 orc warriors
  8 ogres
  An eye of draining (D:8)
  18 wolves
  2 necrophages
  10 centaurs
  2 lemures (D:5)
  19 big kobolds
  Blork the orc (Orc:2)
  8 bullfrogs
  2 gnoll sergeants
  A wyvern zombie (D:9)
  A water moccasin zombie (Ossuary)
  A wyvern skeleton (D:14)
  5 scorpions
  16 wights
  An electric eel (Lair:3)
  A vampire bat (D:5)
  5 howler monkeys
  A quasit (D:8)
  5 centaur zombies
  4 hounds
  3 jellies
  30 orc wizards
  24 orc priests
  A bullfrog skeleton (D:5)
  2 iron imps (Gauntlet)
  7 iguanas
  6 hell rats (Lair:5)
  A small abomination (Gauntlet)
  8 worker ants
  A killer bee zombie (D:7)
  5 big kobold zombies (Ossuary)
  A hound zombie (D:9)
  A hound skeleton (D:8)
  3 mummies
  18 adders
  20 gnolls
  2 shadow imps
  4 white imps
  6 ufetubi
  3 oozes
  3 adder zombies (Ossuary)
  3 adder skeletons
  3 worms
  3 dart slugs
  4 leopard geckos
  130 orcs
  A ball python (D:7)
  10 bats
  6 giant cockroaches
  A gnoll zombie (Ossuary)
  7 goblins
  6 hobgoblins
  19 jackals
  39 kobolds
  7 quokkas
  5 frilled lizards
  7 hobgoblin zombies (Ossuary)
  4 kobold zombies
  8 orc zombies
  A quokka skeleton (D:6)
  9 rats
989 creatures vanquished.

Vanquished Creatures (others)
  A bunyip (Swamp:1)
  A bloated husk (Swamp:1)
  A spriggan (Swamp:2)
  A wight (D:12)
  An orc wizard (Orc:2)
  A demonic plant (Gauntlet)
  12 foxfires (Swamp:3)
  25 fungi
  45 plants
88 creatures vanquished.

Grand Total: 1077 creatures vanquished

Notes
Turn   | Place    | Note
-------+----------+-------------------------------------------
     0 | D:1      | Arum the Gargoyle Fighter began the quest for the Orb.
     0 | D:1      | Reached XP level 1. HP: 14/14 MP: 1/1
    54 | D:1      | Reached XP level 2. HP: 19/19 MP: 2/2
   185 | D:1      | You fall into a shaft and drop 1 floor!
   200 | D:2      | Found a hazy altar of Hepliaklqana.
   496 | D:2      | Reached XP level 3. HP: 24/24 MP: 3/3
   686 | D:2      | Reached XP level 4. HP: 29/29 MP: 4/4
   687 | D:2      | Found a glowing golden altar of the Shining One.
   693 | D:2      | Became a worshipper of the Shining One
  2542 | D:3      | Reached XP level 5. HP: 31/33 MP: 5/5
  2876 | D:3      | Reached XP level 6. HP: 26/39 MP: 6/6
  3310 | D:4      | Noticed a sky beast
  3557 | D:4      | Noticed Grinder
  3561 | D:4      | Paralysed by Grinder for 6 turns
  3571 | D:4      | Killed Grinder
  3571 | D:4      | Reached * piety under the Shining One
  3572 | D:4      | Reached skill level 5 in Fighting
  3572 | D:4      | Reached skill level 5 in Armour
  3572 | D:4      | Reached skill level 5 in Shields
  3572 | D:4      | Reached XP level 7. HP: 36/44 MP: 7/7
  3734 | D:4      | Found a hide-covered altar of Uskayaw.
  3756 | D:4      | Noticed a +0 hand axe
  3758 | D:4      | Noticed a +0 dagger
  3767 | D:4      | Found a burning altar of Makhleb.
  4106 | D:5      | Entered Level 5 of the Dungeon
  4153 | D:5      | Got a faintly glowing whip
  4158 | D:5      | Identified the +9 whip of Koumn {freeze, +Rage rF+++ Str-2
                  | Dex-3} (You found it on level 5 of the Dungeon)
  4256 | D:5      | Reached XP level 8. HP: 47/51 MP: 8/8
  4271 | D:5      | Found a sand-covered staircase.
  4280 | Ossuary  | Entered an ossuary
  4308 | Ossuary  | Reached ** piety under the Shining One
  4359 | Ossuary  | Reached skill level 5 in Maces & Flails
  4363 | Ossuary  | Reached *** piety under the Shining One
  4569 | D:5      | Reached **** piety under the Shining One
  4583 | D:5      | Noticed Pikel
  4600 | D:5      | Killed Pikel
  4601 | D:5      | Reached XP level 9. HP: 56/56 MP: 9/9
  4738 | D:5      | Identified Paawk's Collected Works on Unholy Rites
  4900 | D:4      | Noticed Menkaure
  4906 | D:4      | Killed Menkaure
  5208 | D:6      | Got a fine turquoise ring
  5286 | D:6      | Found a snail-covered altar of Cheibriados.
  6330 | D:7      | Found a staircase to the Ecumenical Temple.
  6872 | D:8      | Reached ***** piety under the Shining One
  6923 | D:8      | Found a sparkling altar of Nemelex Xobeh.
  6978 | D:8      | Reached XP level 10. HP: 41/64 MP: 10/10
  7120 | D:8      | Found a bloodstained altar of Trog.
  7277 | D:8      | Identified the cursed ring "Ysterch" {+Fly rC+ Int-4 Dex+2}
                  | (You found it on level 6 of the Dungeon)
  7334 | D:8      | Noticed a kobold demonologist
  7351 | D:8      | Noticed a soul eater
  7352 | D:8      | Noticed a rust devil
  7356 | D:8      | Killed a kobold demonologist
  7959 | D:9      | Got a transparent flail
  7960 | D:9      | Identified the cursed +0 flail of Abomination {antimagic,
                  | *Slow Int+5} (You found it on level 9 of the Dungeon)
  8258 | D:10     | Entered Level 10 of the Dungeon
  8327 | D:10     | Found a staircase to the Orcish Mines.
  8427 | D:10     | Reached XP level 11. HP: 71/71 MP: 11/11
  8472 | D:10     | Noticed a two-headed ogre
  8481 | D:10     | Killed a two-headed ogre
  8664 | D:10     | Reached skill level 10 in Fighting
  8766 | D:10     | Reached skill level 10 in Shields
  9022 | D:10     | Found the +7 Singing Sword {vorpal, sonic wave}
  9224 | D:11     | Noticed a cyclops
  9228 | D:11     | Noticed Erica
  9238 | D:11     | Killed a cyclops
  9239 | D:11     | Reached skill level 10 in Armour
  9246 | D:11     | Killed Erica
  9333 | D:11     | Found a radiant altar of Vehumet.
  9485 | D:11     | Found a staircase to the Lair.
  9521 | D:11     | Noticed a two-headed ogre
  9531 | D:11     | Killed a two-headed ogre
  9586 | D:11     | Noticed an unseen horror
  9601 | D:11     | Killed an unseen horror
  9647 | D:11     | Noticed a cyclops
  9659 | D:11     | Killed a cyclops
  9678 | D:11     | Noticed Erolcha
  9689 | D:11     | Killed Erolcha
  9690 | D:11     | Reached XP level 12. HP: 60/79 MP: 12/12
  9979 | D:11     | Reached ****** piety under the Shining One
 10229 | D:12     | Reached skill level 10 in Maces & Flails
 10489 | D:12     | Noticed Kirke
 10514 | D:12     | Killed Kirke
 10822 | D:12     | Noticed Sonja
 10834 | D:12     | Killed Sonja
 10872 | D:12     | Noticed Nessos
 10899 | D:12     | Killed Nessos
 11061 | D:13     | Found Zaocw's Book Emporium.
 11366 | D:13     | Noticed Maurice
 11390 | D:13     | Killed Maurice
 11391 | D:13     | Reached XP level 13. HP: 84/86 MP: 13/13
 11542 | D:13     | Found a bloodstained altar of Trog.
 11742 | D:13     | Noticed Snorg
 11744 | D:13     | Noticed a vault guard
 11754 | D:13     | Killed Snorg
 11770 | D:13     | Killed a vault guard
 11812 | D:13     | Found a gate to the Vaults.
 11966 | D:14     | Found a snail-covered altar of Cheibriados.
 12189 | D:14     | Noticed a rakshasa
 12265 | D:14     | Killed a rakshasa
 12341 | D:14     | Identified the ring "Touhod" {Ice *Contam Int+5 SInv}
 12392 | D:14     | Got a faintly glowing lead ring
 12393 | D:14     | Identified the ring of Poemiwops {Fire Will++ MP+9 Int-4}
                  | (You found it on level 14 of the Dungeon)
 12664 | D:15     | Entered Level 15 of the Dungeon
 12746 | D:15     | Gained mutation: Your large and strong wings let you fly
                  | indefinitely. [Gargoyle growth]
 12746 | D:15     | Reached XP level 14. HP: 56/94 MP: 14/14
 13091 | D:15     | Found Omaocval's Gadget Shoppe.
 13327 | D:15     | Found a staircase to the Depths.
 13816 | Orc:1    | Entered Level 1 of the Orcish Mines
 14237 | Orc:1    | Got a glimmering chain mail
 14238 | Orc:1    | Identified the +1 chain mail "Xouddaut" {Int+4 Dex+5} (You
                  | found it on level 1 of the Orcish Mines)
 14240 | Orc:1    | Noticed an orc warlord
 14260 | Orc:1    | Noticed a stone giant
 14277 | Orc:1    | Killed an orc warlord
 14300 | Orc:1    | Killed a stone giant
 14428 | Orc:2    | Entered Level 2 of the Orcish Mines
 14507 | Orc:2    | Noticed Blork the orc
 14530 | Orc:2    | Killed Blork the orc
 14542 | Orc:2    | Noticed Nergalle
 14633 | Orc:2    | Killed Nergalle
 14634 | Orc:2    | Reached XP level 15. HP: 100/100 MP: 15/15
 14685 | Orc:2    | Noticed an orc warlord
 14749 | Orc:1    | Killed an orc warlord
 15148 | Orc:2    | Noticed Donald
 15169 | Orc:2    | Killed Donald
 15199 | Orc:2    | Found a roughly hewn altar of Beogh.
 15226 | Orc:2    | Found Ykoustrad's General Store.
 15331 | Orc:2    | Bought a scroll of magic mapping for 49 gold pieces
 15422 | Orc:2    | Found a staircase to the Elven Halls.
 15458 | Orc:2    | Found Foxed's Antique Armour Shoppe.
 15473 | Orc:2    | Found Caffet's Antique Weapon Shoppe.
 15487 | Orc:2    | Found Siomib's Jewellery Shoppe.
 15909 | Lair:1   | Entered Level 1 of the Lair of Beasts
 16456 | Lair:1   | Noticed Gastronok
 16481 | Lair:1   | Killed Gastronok
 16938 | Lair:2   | Found a staircase to the Swamp.
 17057 | Lair:2   | Identified a scroll of acquirement
 17057 | Lair:2   | Acquired the +8 eveningstar of Unuurinu {freeze, Dex+5}
 17114 | Lair:2   | Noticed Urug
 17123 | Lair:2   | Killed Urug
 17806 | Lair:3   | Found a blossoming altar of Fedhas.
 17950 | Lair:3   | Found a hole to the Spider Nest.
 18342 | Lair:3   | Reached skill level 15 in Shields
 18478 | Lair:4   | Reached skill level 15 in Fighting
 19369 | Lair:5   | Reached skill level 15 in Armour
 19509 | Lair:5   | You are sucked into a shaft and drop 1 floor!
 19509 | Lair:6   | Entered Level 6 of the Lair of Beasts
 19509 | Lair:6   | Found a staircase to the Slime Pits.
 19509 | Lair:6   | Found a viscous altar of Jiyva.
 19547 | Lair:6   | Found a gate leading to a gauntlet.
 19572 | Gauntlet | Entered a Gauntlet
 19572 | Gauntlet | Found a transporter.
 19586 | Gauntlet | Found a transporter.
 19587 | Gauntlet | Found a transporter.
 19587 | Gauntlet | Found a transporter.
 19594 | Gauntlet | Found a runed translucent door.
 19596 | Gauntlet | Found a transporter.
 19598 | Gauntlet | Found a transporter.
 19599 | Gauntlet | Found a transporter.
 19608 | Gauntlet | Found a transporter.
 19610 | Gauntlet | Found a transporter.
 19611 | Gauntlet | Found a transporter.
 19622 | Gauntlet | Found a transporter.
 19622 | Gauntlet | Found a transporter.
 19623 | Gauntlet | Found a transporter.
 19635 | Gauntlet | Found a transporter.
 19962 | Gauntlet | Reached skill level 1 in Invocations
 20009 | Gauntlet | Got a pair of distressingly furry gloves
 20040 | Gauntlet | Identified the +5 rapier of Zuolov {vorpal, Str+7}
 20049 | Gauntlet | Reached XP level 16. HP: 92/108 MP: 17/17
 20074 | Gauntlet | Identified the +1 pair of gloves "Idesop" {rElec rC- Int+5
                  | Stlth+} (You found it in a Gauntlet)
 20606 | Lair:6   | Identified the cursed +0 chain mail of a treasure trove
                  | {Will+ Int+2 Stlth+} (You found it on level 6 of the Lair
                  | of Beasts)
 20761 | Lair:6   | Found a snail-covered altar of Cheibriados.
 22003 | Swamp:1  | Entered Level 1 of the Swamp
 22102 | Swamp:1  | Reached skill level 5 in Invocations
 23020 | Swamp:3  | Reached XP level 17. HP: 107/115 MP: 21/21
 23231 | Swamp:3  | Found a burning altar of Makhleb.
 23521 | Swamp:4  | Entered Level 4 of the Swamp
 23533 | Swamp:4  | Reached skill level 15 in Maces & Flails
 23991 | Swamp:4  | Noticed the 27-headed Lernaean hydra
 24008 | Swamp:4  | Killed the 27-headed Lernaean hydra
 24375 | Swamp:4  | Got a decaying rune of Zot
 24560 | Spider:1 | Entered Level 1 of the Spider Nest
 24670 | Spider:1 | HP: 4/116 [jumping spider (6)]
 24671 | Spider:1 | Slain by a wolf spider

Illustrated notes

Levels and vault maps discovered:
D:1:      dpeg_arrival_rooms_b, layout_loops_ring
D:2:      layout_basic, nicolae_overflow_hidden_temple,
          nicolae_tso_swordbearing_angel
D:3:      layout_basic
D:4:      minmay_clustersquares, layout_gridville, dancing_weapons_uskayaw,
          overflow_temple_1_default, uniq_menkaure, uniq_grinder
D:5:      layout_cave_pools, nicolae_ossuary_entry_giza,
          mrwooster_statue_mirror, roderic_batcave,
          hangedman_abyss_or_decor_passed, minmay_between, uniq_pikel
D:6:      layout_basic, kennysheep_slug_shrine, serial_bayou_pond_e
D:7:      layout_gridville, minmay_temple_entry_fiery
D:8:      layout_gridville, lemuel_doored_altar, lemuel_round_altar,
          special_room [special_room_kobold]
D:9:      layout_roguey
D:10:     old_forge, layout_irregular_city, hiddenorc2_lemuel,
          grunt_ministairs_6
D:11:     minmay_goldmine, layout_irregular_city, minmay_lair_entry_grove,
          basic_altar, uniq_erolcha, uniq_erica
D:12:     layout_loops_ring, uniq_kirke, uniq_sonja, uniq_nessos
D:13:     layout_loops_ring, david_vaults_5, serial_shops,
          nicolae_shop_behind_doors, david_defended_altar_elf, uniq_maurice,
          uniq_snorg
D:14:     minmay_the_grid_triangle_9x9_recursive_2_mashed
          [minmay_the_grid_triangle_9x9_prize_insulated,
          minmay_the_grid_triangle_9x9_negative_grid,
          minmay_the_grid_triangle_9x9_warning,
          minmay_the_grid_triangle_9x9_limited_checkers], layout_rooms,
          lemuel_altar_in_water
D:15:     hangedman_depths_entry_civil_slaughter, layout_rooms, serial_shops,
          shop, minmay_misc_feat_enclosed
Lair:1:   layout_hall_layers, uniq_gastronok
Lair:2:   layout_chaotic_city, swamp_mist, uniq_urug
Lair:3:   layout_long_grid, nicolae_spider_entry_orb_guardian,
          fungi_pond_lemuel, tgw_fedhas
Lair:4:   layout_layer_cave, serial_bayou_shore_b
Lair:5:   layout_cave_pods
Lair:6:   gammafunk_lair_ancient_temple, layout_regular_city, slime_altar_1,
          gauntlet_entry_generic, small_statue_intersection, st_stairs_7,
          kennysheep_snail_temple
Swamp:1:  layout_basic_swamp, hangedman_swamp_blocks
Swamp:2:  layout_falls_marsh, evilmike_swamp_ruin_house_3
Swamp:3:  layout_falls_marsh, basic_altar
Swamp:4:  swamp_old_school, layout_basic_swamp, infiniplex_staircase_pool_2
Spider:1: layout_spider_delve, uniq_frances
Orc:1:    layout_caves, elf_legates
Orc:2:    grunt_orc_cross, layout_diamond_mine, nicolae_orc_rockfall,
          guppyfry_library_mini, uniq_donald

Skill      XL: |  1  2  3  4  5  6  7  8  9 10 11 12 13 14 15 16 17 |
---------------+----------------------------------------------------+-----
Fighting       | 4 5 6 8 9 10 12 13 14 15 16 | 16.9
Armour         | 4 5 6 8 9 10 12 13 14 15 16 | 16.8
Shields        | 4 5 6 8 9 10 12 13 14 15 | 15.0
Maces & Flails | 3 4 5 7 8 9 10 12 13 14 15 | 15.5
Invocations    | 1 6 8 |  8.6

Action                   |  1- 3 |  4- 6 |  7- 9 | 10-12 | 13-15 | 16-18 || total
-------------------------+-------+-------+-------+-------+-------+-------++-------
Melee: Flail             |    74 |    93 |       |       |       |       ||   167
       Morningstar       |       |   115 |   112 |       |       |       ||   227
       Whip              |       |       |   227 |   847 |  1365 |       ||  2439
       Eveningstar       |       |       |       |       |   200 |   610 ||   810
 Abil: Evoke Berserk Rag |       |       |       |       |     1 |       ||     1
       Fly               |       |       |       |       |     1 |       ||     1
Evoke: Wand              |       |       |       |     2 |     4 |       ||     6
  Use: Scroll            |       |       |     6 |     2 |    26 |     5 ||    39
       Potion            |       |       |       |       |     1 |     3 ||     4
Armor: Scale mail        |    39 |   112 |   144 |   105 |   131 |       ||   531
       Plate armour      |       |       |       |   229 |   115 |       ||   344
       Chain mail        |       |       |       |       |   170 |   457 ||   627
Dodge: Dodged            |    24 |    38 |    97 |   131 |   162 |   135 ||   587
Block: Kite shield       |    32 |    91 |   141 |   336 |    22 |       ||   622
       Tower shield      |       |       |       |       |  1119 |   666 ||  1785
